 Dungeon Crawl Stone Soup version 0.30-a0-23-ge60ba3568b (webtiles) character file.

Game seed: 10415844441765523465

9376 runemasterragnar the Transmogrifier (level 11, -11/123 HPs)
             Began as a Green Draconian Transmuter on Aug 25, 2022.
             Was a Believer of Vehumet.
             Mangled by a catoblepas (12 damage)
             ... on level 9 of the Dungeon on Aug 26, 2022.
             The game lasted 00:36:39 (13410 turns).

runemasterragnar the Transmogrifier (DrTm)         Turns: 13410, Time: 00:36:40

Health: -11/123    AC: 25    Str: 12    XL:     11   Next: 22%
Magic:  15/23      EV:  2    Int: 17    God:    Vehumet [**....]
Gold:   1645       SH:  0    Dex: 13    Spells: 6/26 levels left

rFire   + . .      SeeInvis .      - Unarmed
rCold   + . .      Faith    .    (no shield)
rNeg    . . .      Spirit   .    (body armour unavailable)
rPois   +          Reflect  .    (helmet currently unavailable)
rElec   +          Harm     .    (cloak currently unavailable)
rCorr   +          Rampage  .    (gloves currently unavailable)
Will    .....      NoTele   +    (boots currently unavailable)
Stlth   +.........               (no amulet)
HPRegen 0.30/turn                o - +4 ring of slaying
MPRegen 0.18/turn                (no ring)

@: brilliant, tree-form, resistant, attractive, studying Air Magic, invisible
A: stationary, stasis, torment immunity, boosted hp, (breathe noxious fumes), AC
+7, unfitting armour, (poison resistance), (cold-blooded)
a: Renounce Religion


You were on level 9 of the Dungeon.
You worshipped Vehumet.
Vehumet was pleased with you.
You were a tree.
You visited 2 branches of the dungeon, and saw 11 of its levels.
You also visited: Ossuary.

You collected 1645 gold pieces.

Inventory:

Armour
 b - a +1 pair of boots
Magical Staves
 K - a staff of conjuration
Jewellery
 o - a +4 ring of slaying (left branch)
 w - a ring of see invisible
 D - a ring of ice
Wands
 c - a wand of polymorph (19)
 z - a wand of charming (9)
 E - a wand of flame (22)
 G - a wand of roots (8)
 J - a wand of mindburst (5)
Scrolls
 d - a scroll of enchant armour
 e - 3 scrolls of magic mapping
 g - a scroll of immolation {unknown}
 j - 4 scrolls of poison
 m - 2 scrolls of vulnerability
 n - 2 scrolls of noise {unknown}
 q - a scroll of silence {unknown}
 r - 4 scrolls of teleportation
 v - a scroll of amnesia {unknown}
 x - a scroll of brand weapon {unknown}
 y - a scroll of summoning {unknown}
 F - 2 scrolls of blinking
 H - a scroll of enchant weapon {unknown}
 L - a scroll of identify
Potions
 a - 2 potions of haste {unknown}
 h - 2 potions of mutation {unknown}
 k - 5 potions of curing
 l - 2 potions of invisibility
 s - 2 potions of degeneration
 t - 2 potions of lignification
 u - 3 potions of ambrosia
 B - 3 potions of brilliance
 C - a potion of attraction
 I - a potion of magic {unknown}


   Skills:
 + Level 3.5 Fighting
 + Level 3.5 Dodging
 + Level 4.5 Unarmed Combat
 + Level 8.4 Spellcasting
 - Level 6.5 Conjurations
 - Level 3.0 Translocations
 * Level 9.1 Transmutations
 - Level 6.5 Fire Magic
 - Level 5.5 Poison Magic


You had 6 spell levels left.
You knew the following spells:

 Your Spells              Type           Power      Damage    Failure   Level
a - Beastly Appendage     Tmut           100%       N/A       1%          1
b - Wereblood             Tmut           55%        N/A       1%          2
c - Spider Form           Tmut/Pois      48%        N/A       1%          3
d - Ignite Poison         Fire/Tmut/Pois 46%        N/A       1%          3
e - Sticky Flame          Conj/Fire      44%        2d6       7%          4
f - Blade Hands           Tmut           27%        N/A       7%          5
g - Blink                 Tloc           52%        N/A       4%          2

Your spell library contained the following spells:

 Spells                   Type           Power      Damage    Failure   Level
 Static Discharge         Conj/Air       27%        3-7/arc   4%          2
 Conjure Flame            Conj/Fire      44%        6-21      1%          3
 Necrotise                Necr           40%        1d6       10%         1
 Irradiate                Conj/Tmut      25%        3d20      11%         5
 Alistair's Intoxication  Tmut/Pois      32%        N/A       14%         5
 Ice Form                 Ice/Tmut       34%        N/A       16%         4
 Fireball                 Conj/Fire      22%        3d10      19%         5
 Iskenderun's Battlesphe  Conj           44%        2d10      19%         5
 Fulminant Prism          Conj/Hex       13%        3d9       26%         4
 Passage of Golubria      Tloc           26%        N/A       28%         4
 Frozen Ramparts          Ice            20%        1d4       30%         3
 Tukima's Dance           Hex            10%        N/A       30%         3
 Vampiric Draining        Necr           10%        2d6       30%         3
 Yara's Violent Unravell  Hex/Tmut       17%        3d8       38%         5
 Eringya's Noxious Bog    Tmut/Pois      24%        N/A       58%         6
 Manifold Assault         Tloc           26%        N/A       63%         5
 Cause Fear               Hex            5%         N/A       69%         4
 Summon Ice Beast         Ice/Summ       10%        N/A       69%         4
 Agony                    Necr           10%        N/A       95%         5
 Borgnjor's Vile Clutch   Necr/Erth      5%         N/A       95%         5
 Conjure Ball Lightning   Conj/Air       13%        3x3d6     99%         6
 Dragon Form              Tmut           27%        N/A       90%         7
 Orb of Destruction       Conj           22%        9d8       99%         7
 Malign Gateway           Summ/Tloc      9%         N/A       100%        7
 Storm Form               Tmut/Air       17%        N/A       100%        7
 Summon Horrible Things   Summ           5%         N/A       100%        8
 Chain Lightning          Conj/Air       13%        3d18      100%        9
 Dragon's Call            Summ           5%         N/A       100%        9


Dungeon Overview and Level Annotations

Branches:
Dungeon (10/15)            Temple (1/1) D:7         Ossuary (visited)
   Lair: D:8-11         Orc: D:9-12

Altars:
Ashenzari
Elyvilon
Fedhas
Kikubaaqudgha
Makhleb
Okawaru
Qazlal
Ru
Sif Muna
Trog
Uskayaw
Vehumet
Xom
Yredelemnul

Annotations:
D:9 6 runed translucent doors, jfcaron's ghost, novice HOGl
D:10 1 transporter


Innate Abilities, Weirdness & Mutations

You are a tree.
Your roots penetrate the ground, keeping you stationary.
You cannot be teleported.
You are immune to unholy pain and torment.
Your maximum health is greatly increased.
Your equipment is partially melded.
((You can breathe blasts of noxious fumes.))
((Your lurid green scales are hard. (AC +7)))
You cannot fit into any form of body armour.
((Your system is resistant to poisons. (rPois)))
((You are cold-blooded and may be slowed by cold attacks.))


Message History

The centaur warrior kicks you but does no damage.
Unknown command.
You feel better.
The centaur warrior hits you but does no damage.
The centaur warrior kicks you.
* * * LOW HITPOINT WARNING * * *
The catoblepas gores something!
The centaur warrior hits you with a staff of poison.
* * * LOW HITPOINT WARNING * * *
The centaur warrior kicks you but does no damage.
It was a potion of flight.
Your roots keep you in place.
The catoblepas gores the bush!
The centaur warrior hits you but does no damage.
The centaur warrior envenoms you.
* * * LOW HITPOINT WARNING * * *
The centaur warrior kicks you but does no damage.
It was a potion of resistance.
You feel protected.
The centaur warrior hits you but does no damage.
The centaur warrior kicks you but does no damage.
The centaur warrior hits you but does no damage.
The centaur warrior envenoms you.
* * * LOW HITPOINT WARNING * * *
The centaur warrior kicks you but does no damage.
It was a potion of attraction.
You feel attractive to monsters.
The centaur warrior hits you but does no damage.
The centaur warrior kicks you but does no damage.
The catoblepas is attracted toward you. The manticore is attracted toward you.
Okay, then.
Okay, then.
The air fills with toxic fumes!
As you read the scroll of poison, it crumbles to dust.
The centaur warrior hits you with a staff of poison.
* * * LOW HITPOINT WARNING * * *
The centaur warrior envenoms you.
* * * LOW HITPOINT WARNING * * *
The centaur warrior kicks you but does no damage.
The catoblepas gores you!
You die...

....#...........#.....##.##P..##.
~..##....§§§§§§§#§§§.§§.⌠.#P..#..
..^.#....§§§§§§§§§§.§§##.##...#.#
♣...#....§§§§§§§§§P♣§♣§###......#
))..#..<.§§§§§§§§§♣PP§♣§...######
.).##....§§§§§§§§§§♣§§§♣...#
).###....§§§§§§§§§§§§§§§♣..#
#####....§§§§§§§§YP§§8§§P..#
.........§§§§§§c♣§P§§§§§...#
#####....§§§§§§§§§§♣§§§♣P..#
#....§§§§§§§§§§HP§P♣♣..#
#....§§§§§§§§§§§§§§§...#
#....§§§§§§§§§§§§§§§..##
#....§§§§§§§§§§§§######
#....§§§§§§§###### #....§§§§§§§#
#############


You could see a catoblepas (unable to see you), a centaur warrior (unable to see
you) and a manticore (unable to see you, fleeing).

Vanquished Creatures
  2 two-headed ogres (D:8)
  An ugly thing (D:9)
  A deep elf pyromancer (D:9)
  A gargoyle (D:9)
  Maggie (D:6)
  A kobold demonologist (D:9)
  2 polar bears (D:10)
  2 centaur simulacra (D:10)
  5 yaks (D:9)
  An unseen horror simulacrum (D:10)
  Eustachio (D:5)
  A steam dragon (D:6)
  Menkaure (Ossuary)
  5 water moccasins
  An acid dragon (D:10)
  2 sky beasts
  3 ice beasts
  A black bear (D:8)
  4 orc warriors
  2 centaurs
  An ogre (D:7)
  3 kobold brigands
  4 bullfrogs
  2 gnoll sergeants (D:9)
  2 necrophages
  2 scorpions
  10 wights
  3 killer bees (D:7)
  5 howler monkeys
  2 hounds
  2 jellies (D:7)
  5 orc priests
  3 iguanas
  14 orc wizards
  3 mummies (Ossuary)
  2 howler monkey zombies (D:9)
  7 gnolls (D:9)
  8 adders
  A shadow imp (D:7)
  4 white imps
  A howler monkey simulacrum (D:10)
  2 ufetubi
  3 worms
  A dart slug (D:2)
  31 orcs
  8 endoplasms
  2 giant cockroaches
  6 goblins
  8 hobgoblins
  4 jackals
  7 quokkas
  8 ball pythons
  5 bats
  2 frilled lizards (D:1)
  5 gnoll skeletons (Ossuary)
  3 gnoll zombies (Ossuary)
  4 goblin skeletons (Ossuary)
  3 goblin zombies (Ossuary)
  4 hobgoblin skeletons (Ossuary)
  6 hobgoblin zombies (Ossuary)
  16 kobolds
  5 kobold skeletons (Ossuary)
  5 kobold zombies (Ossuary)
  5 orc skeletons (Ossuary)
  5 orc zombies (Ossuary)
  2 rats (D:3)
  2 rat skeletons (Ossuary)
  3 rat zombies (Ossuary)
277 creatures vanquished.

Vanquished Creatures (collateral kills)
  A centaur (D:9)
  A killer bee (D:7)
  A gnoll (D:9)
  An orc (D:9)
  2 kobolds (D:9)
6 creatures vanquished.

Vanquished Creatures (others)
  An electric eel (D:10)
  An orc wizard (D:9)
  8 fungi (D:4)
10 creatures vanquished.

Grand Total: 293 creatures vanquished

Notes
Turn   | Place    | Note
-------+----------+-------------------------------------------
     0 | D:1      | runemasterragnar the Draconian Transmuter began the quest
                  | for the Orb.
     0 | D:1      | Reached XP level 1. HP: 16/16 MP: 3/3
   179 | D:1      | Reached XP level 2. HP: 22/23 MP: 3/5
   929 | D:1      | Reached XP level 3. HP: 29/29 MP: 4/6
  1108 | D:2      | Learned a level 2 spell: Wereblood
  1112 | D:2      | Learned a level 3 spell: Spider Form
  1123 | D:2      | Found a shimmering blue altar of Sif Muna.
  1427 | D:2      | Reached XP level 4. HP: 34/36 MP: 2/7
  1792 | D:3      | Found a faded altar of an unknown god.
  1823 | D:3      | Found a broken altar of Ashenzari.
  1876 | D:3      | Found a hide-covered altar of Uskayaw.
  2034 | D:3      | Reached XP level 5. HP: 31/42 MP: 6/9
  2195 | D:3      | Found a shimmering altar of Xom.
  2622 | D:4      | Found a sand-covered staircase.
  2629 | Ossuary  | Entered an ossuary
  2809 | Ossuary  | Reached skill level 3 in Transmutations
  2959 | Ossuary  | Noticed Menkaure
  2986 | Ossuary  | Killed Menkaure
  2987 | Ossuary  | Reached XP level 6. HP: 22/51 MP: 6/10
  4102 | D:4      | Found a bloodstained altar of Trog.
  4105 | D:4      | Found a stormy altar of Qazlal.
  4108 | D:4      | Found a blossoming altar of Fedhas.
  4111 | D:4      | Found a sacrificial altar of Ru.
  4538 | D:5      | Entered Level 5 of the Dungeon
  4577 | D:5      | Found a burning altar of Makhleb.
  4650 | D:5      | Noticed an ice beast
  4826 | D:5      | Your scales start taking on a lurid green colour.
  4826 | D:5      | Reached XP level 7. HP: 57/57 MP: 10/12
  4826 | D:5      | Gained mutation: Your system is resistant to poisons.
                  | (rPois) [Green Draconian growth]
  4830 | D:5      | Learned a level 3 spell: Ignite Poison
  4835 | D:5      | Learned a level 4 spell: Sticky Flame
  4891 | D:5      | Noticed Eustachio
  4910 | D:5      | Killed Eustachio
  4911 | D:5      | Reached skill level 1 in Conjurations
  4911 | D:5      | Reached skill level 4 in Transmutations
  4911 | D:5      | Reached skill level 1 in Fire Magic
  4911 | D:5      | Reached skill level 1 in Poison Magic
  5520 | D:7      | Reached XP level 8. HP: 39/63 MP: 11/14
  5766 | D:7      | Identified a scroll of acquirement
  5766 | D:7      | Acquired 1104 gold pieces
  6384 | D:7      | Reached skill level 5 in Transmutations
  6538 | D:7      | Reached XP level 9. HP: 62/70 MP: 12/16
  6538 | D:7      | Found a staircase to the Ecumenical Temple.
  6559 | Temple   | Entered the Ecumenical Temple
  6594 | Temple   | Became a worshipper of Vehumet
  6853 | D:6      | Reached skill level 5 in Spellcasting
  6908 | D:6      | Found an iron altar of Okawaru.
  7046 | D:6      | Reached skill level 5 in Fire Magic
  7048 | D:6      | Noticed Maggie
  7359 | D:5      | Reached skill level 5 in Conjurations
  7685 | D:6      | Killed Maggie
  8347 | D:7      | Learned a level 5 spell: Blade Hands
  8774 | D:8      | Reached skill level 5 in Poison Magic
  8994 | D:8      | Noticed a two-headed ogre
  9003 | D:8      | Killed a two-headed ogre
  9004 | D:8      | Reached skill level 6 in Transmutations
  9004 | D:8      | Reached XP level 10. HP: 43/77 MP: 12/18
  9013 | D:8      | Learned a level 2 spell: Blink
  9193 | D:8      | Noticed a two-headed ogre
  9199 | D:8      | Killed a two-headed ogre
  9200 | D:8      | Reached skill level 1 in Translocations
 10438 | D:9      | Reached * piety under Vehumet
 10438 | D:9      | Offered knowledge of Sandblast by Vehumet.
 10681 | D:9      | Reached skill level 7 in Transmutations
 11302 | D:9      | Noticed jfcaron's ghost (novice HOGl)
 11303 | D:9      | Found a runed translucent gate.
 11303 | D:9      | Found a runed translucent gate.
 11303 | D:9      | Found a runed translucent gate.
 11305 | D:9      | Found a basalt altar of Yredelemnul.
 11406 | D:9      | Noticed an orange demon
 11406 | D:9      | Offered knowledge of Static Discharge by Vehumet.
 11407 | D:9      | Reached skill level 8 in Transmutations
 11413 | D:9      | Noticed a white ugly thing
 11454 | D:8      | Reached ** piety under Vehumet
 11817 | D:10     | Entered Level 10 of the Dungeon
 12013 | D:10     | Found a transporter.
 12245 | D:10     | Reached XP level 11. HP: 38/82 MP: 14/22
 12782 | D:10     | Noticed a centaur warrior
 12990 | D:9      | Killed a white ugly thing
 13029 | D:9      | Identified the +4 whip of Cheibriados's Respect {venom,
                  | rElec Str-5 Int+2}
 13051 | D:9      | Noticed a deep elf pyromancer
 13055 | D:9      | Killed a deep elf pyromancer
 13126 | D:9      | Reached skill level 9 in Transmutations
 13162 | D:9      | Found a runed translucent door.
 13162 | D:9      | Noticed a deep elf pyromancer
 13162 | D:9      | Noticed a seven-headed hydra
 13163 | D:9      | Found a runed translucent door.
 13165 | D:9      | Found a runed translucent door.
 13316 | D:9      | Got Sif Muna's Vellum of Blows and Bruises and the Voyage
 13364 | D:9      | Noticed a catoblepas
 13394 | D:9      | Noticed a centaur warrior
 13403 | D:9      | HP: 6/123 [centaur warrior/staff of poison (3)]
 13410 | D:9      | HP: 3/123 [centaur warrior/staff of poison (6)]
 13410 | D:9      | HP: 1/123 [centaur warrior/staff of poison (2)]
 13410 | D:9      | Mangled by a catoblepas

Illustrated notes

Levels and vault maps discovered:
D:1:      minmay_arrival_jagged, layout_rooms
D:2:      layout_basic, basic_altar
D:3:      layout_loops_ring, mainiacjoe_overflow_chevrons,
          nicolae_overflow_crystal_walls, mainiacjoe_overflow_surrounded_room,
          basic_ecumenical_altar, grunt_ministairs_1
D:4:      mumra_celtic_spiral_tile, layout_basic,
          grunt_temple_overflow_cloverleaf, chequers_ossuary_entry_cave,
          serial_aquarium, aquarium_bridge_square [aquarium_subvault_bridge,
          aquarium_subvault_window, aquarium_subvault_bridge,
          aquarium_subvault_wall], aquarium_window_2, aquarium_window_fake,
          aquarium_window_1, aquarium_window_fake, aquarium_view_2c,
          sigmund_army
D:5:      layout_basic, lemuel_tele_altar, uniq_eustachio
D:6:      layout_basic, mainiacjoe_overflow_paths, uniq_maggie
D:7:      layout_loops_ring, minmay_temple_entry_purple_smoke,
          dreamdust_wishing_well
D:8:      layout_layer_cave
D:9:      minmay_the_grid_triangle_9x9_rhombus_thin_mashed
          [minmay_the_grid_triangle_9x9_from_above,
          minmay_the_grid_triangle_9x9_prize_center,
          minmay_the_grid_triangle_9x9_fully_insulated_deathbox,
          minmay_the_grid_triangle_9x9_limited_checkers], layout_cross,
          nicolae_yredelemnul_ghost_church, serial_park, serial_park_gazebo
          [serial_park_minivault_5x5_1], serial_park_square3
          [serial_park_minivault_5x5_2]
D:10:     minmay_opposing_rooms, layout_stronghold,
          mainiacjoe_overflow_alcove_1, serial_ice, serial_ice_d, serial_ice_f,
          serial_ice_h, serial_ice_l, nicolae_diode_stairs, uniq_snorg
Temple:   chequers_temple_sunken

Skill      XL: |  1  2  3  4  5  6  7  8  9 10 11 |
---------------+----------------------------------+-----
Dodging        | 2 3 |  3.5
Fighting       | 2 3 |  3.5
Transmutations | 3 4 5 6 8 9 |  9.1
Spellcasting   | 3 4 5 7 8 |  8.4
Unarmed Combat | 4 |  4.5
Conjurations   | 2 4 6 |  6.5
Fire Magic     | 2 4 6 |  6.5
Poison Magic   | 2 3 5 |  5.5
Translocations | 3 |  3.0

Action                   |  1- 3 |  4- 6 |  7- 9 | 10-12 || total
-------------------------+-------+-------+-------+-------++-------
Melee: Unarmed           |   106 |   188 |   226 |   161 ||   681
       Kick              |    29 |    45 |    37 |     8 ||   119
       Headbutt          |    11 |    21 |    20 |     4 ||    56
       Tailslap          |     5 |    21 |    22 |    26 ||    74
       Punch             |       |     4 |     2 |     3 ||     9
Throw: Throwing net      |       |     1 |       |       ||     1
 Cast: Beastly Appendage |    26 |    34 |    26 |     7 ||    93
       Wereblood         |     1 |     9 |     4 |    10 ||    24
       Spider Form       |       |     1 |    16 |     3 ||    20
       Sticky Flame      |       |       |     4 |     1 ||     5
       Ignite Poison     |       |       |     1 |     5 ||     6
       Blade Hands       |       |       |       |    20 ||    20
       Blink             |       |       |       |     2 ||     2
 Abil: Breathe Noxious F |       |       |     9 |     9 ||    18
       End Transformatio |       |       |     1 |       ||     1
Evoke: Wand              |       |       |       |     8 ||     8
  Use: Scroll            |       |     8 |     5 |     6 ||    19
       Potion            |       |     2 |       |    10 ||    12
 Stab: Sleeping          |       |     1 |     1 |       ||     2
       Confused          |       |       |     5 |     2 ||     7
Armor: Skin              |    42 |    46 |    43 |    67 ||   198
Dodge: Dodged            |    66 |    77 |   159 |   133 ||   435

Table legend: (Time is in decaauts)
 A = Elapsed time spent in this place.
 B = Non-inter-level travel time spent in this place.
 C = Inter-level travel time spent in this place.
 D = Time resting spent in this place.
 E = Time spent auto-exploring this place.
 F = Levels seen in this place.
 G = Mean time per level.
                   A        B        C        D        E       F      G
               +--------+--------+--------+--------+--------+-----+--------+
         Total |  13372 |  12999 |    373 |   1561 |   9111 |  12 | 1114.3 |
       Dungeon |  12702 |  12334 |    368 |   1422 |   8881 |  10 | 1270.2 |
        Temple |     43 |     38 |      5 |      0 |     28 |   1 |   43.0 |
       Ossuary |    626 |    626 |      0 |    139 |    202 |   1 |  626.0 |
               +--------+--------+--------+--------+--------+-----+--------+

Top non-repeatable levels by time:
     D:8: 2016 daAuts
     D:9: 1648 daAuts
     D:6: 1633 daAuts
     D:7: 1585 daAuts
     D:4: 1352 daAuts
     D:1: 1047 daAuts
    D:10: 977 daAuts
     D:3: 944 daAuts
     D:5: 918 daAuts
 Ossuary: 626 daAuts
     D:2: 576 daAuts
  Temple: 43 daAuts
